 Dungeon Crawl Stone Soup version 0.31-a0-960-g0fca184906 (webtiles) character file.

Game seed: 10902146944843346109

1838 p00ps00p the Chopper (level 9, -14/61 (81) HPs)
             Began as a Hill Orc Fighter on Oct 24, 2023.
             Was an Initiate of Gozag.
             Killed by an exploding butterfly (29 damage)
             ... ignited by their inner flame
             ... on level 7 of the Dungeon.
             The game lasted 00:10:15 (6035 turns).

p00ps00p the Chopper (Hill Orc Fighter)             Turns: 6035, Time: 00:10:16

HP:   -14/61 (81)   AC: 12    Str: 23    XL:     9   Next: 11%
MP:   9/9           EV:  8    Int:  8    God:    Gozag
Gold: 434           SH:  5    Dex: 10    Spells: 8/8 levels left

rFire   . . .        o - +2 hand axe (freeze)
rCold   . . .        c - +0 buckler
rNeg    . . .        f - +1 chain mail
rPois   .            e - +0 helmet
rElec   .            (no cloak)
rCorr   .            (no gloves)
SInv    .            (no boots)
Will    .....        (no amulet) Stlth
                     (no ring)
HPRegen 0.30/turn    (no ring)
MPRegen 0.11/turn

%: no passive effects
@: about to teleport, heavily drained
A: no striking features
a: Renounce Religion, Potion Petition, Call Merchant, Bribe Branch


You were on level 7 of the Dungeon.
You worshipped Gozag.
Gozag was aware of your devotion.
You visited 2 branches of the dungeon, and saw 8 of its levels.

You collected 486 gold pieces.
You paid 52 gold pieces to Gozag.

Inventory:

Hand Weapons
 a - a +1 war axe
 h - a +0 broad axe
 o - a +2 hand axe of freezing (weapon)
Missiles
 s - a throwing net
Armour
 b - a +0 scale mail
 c - a +0 buckler (worn)
 e - a +0 helmet (worn)
 f - a +1 chain mail (worn)
Wands
 d - a wand of mindburst (3)
 q - a wand of charming (10)
 u - a wand of polymorph (14)
Scrolls
 l - 2 scrolls of teleportation
 m - a scroll of immolation
 v - a scroll of revelation
Potions
 g - 2 potions of haste
 i - 4 potions of brilliance
 k - a potion of ambrosia
 n - a potion of magic
 p - a potion of degeneration
 r - a potion of lignification {unknown}
 t - a potion of attraction {unknown}


   Skills:
 + Level 7.8 Fighting
 + Level 7.9 Axes
 + Level 7.1 Armour
 + Level 7.1 Shields


You had 8 spell levels left.
You didn't know any spells.
Your spell library was empty.

Dungeon Overview and Level Annotations

Branches:
Dungeon (7/15)             Temple (1/1) D:5

Altars:
Ashenzari
Cheibriados
Dithmenos
Elyvilon
Fedhas
Gozag
Hepliaklqana
Kikubaaqudgha
Makhleb
Nemelex Xobeh
Okawaru
Qazlal
Ru
Sif Muna
Trog
Uskayaw
Vehumet
Wu Jian
Xom
Yredelemnul
Zin

Shops:
D:1 (

Annotations:
D:7 Jeremiah


Message History

The butterfly disappears in a burst of colours!
The butterfly is engulfed in poison gas.
The butterfly is poisoned.
You kill the butterfly!
The butterfly disappears in a burst of colours!
The butterfly is poisoned.
The butterfly is engulfed in poison gas.
The butterfly is poisoned.
You kill the butterfly!
The butterfly disappears in a burst of colours!
The butterfly is engulfed in poison gas.
The butterfly looks even sicker.
You kill the butterfly!
The butterfly disappears in a burst of colours!
Read: 2 scrolls of immolation
Press: ? - help, Q - select action, (/) - cycle Dir - look around, f - activate Look: Jeremiah, wielding a +2 trident of draining, wearing a +1 robe of willpower and wearing an orb of energy (heavily wounded, susceptible)
As you read the scroll of immolation, it crumbles to dust.
The creatures around you are filled with an inner flame!
The butterfly disappears in a burst of colours!
The butterfly explodes!
The fiery explosion engulfs the butterfly!!
The butterfly disappears in a burst of colours!
The fiery explosion engulfs the butterfly!!
The butterfly disappears in a burst of colours!
The butterfly explodes! x2
The fiery explosion engulfs the butterfly!!
The butterfly disappears in a burst of colours!
The butterfly explodes!
The fiery explosion engulfs the butterfly!!
The butterfly disappears in a burst of colours!
The fiery explosion engulfs the butterfly!!
The butterfly disappears in a burst of colours!
The butterfly explodes!
The fiery explosion engulfs the butterfly!!
The butterfly disappears in a burst of colours!
The butterfly explodes! x2
The fiery explosion engulfs you!!
You die...
Your body crumbles into a pile of gold.

.......... #####
........####...
..............##
..........^....
.............###########
.........##...§§§§§§§§§§
...............§§§§§§§§§
.......#########§§§§§###
######## #@b§bF# #§§§§§#
#######


You could see Jeremiah (inner flame).

Vanquished Creatures
  Grinder (D:5)
  2 water moccasins
  A black bear (D:4)
  2 ogres (D:5)
  3 centaurs
  2 phantoms
  A bullfrog (D:6)
  2 scorpions
  A howler monkey (D:6)
  A hound (D:5)
  3 orc priests
  A gnoll bouda (D:6)
  4 iguanas
  2 orc wizards (D:5)
  7 adders
  7 gnolls (D:6)
  A shadow imp (D:4)
  2 ufetubi (D:6)
  4 worms
  4 dart slugs
  9 orcs
  7 ball pythons
  5 endoplasms
  6 giant cockroaches
  6 goblins
  12 hobgoblins
  4 jackals (D:2)
  7 kobolds
  5 quokkas
  4 bats
  A frilled lizard (D:2)
  3 rats
120 creatures vanquished.

Vanquished Creatures (others)
  An orc wizard (D:7)
1 creature vanquished.

Grand Total: 121 creatures vanquished

Notes
Turn   | Place    | Note
-------+----------+-------------------------------------------
     0 | D:1      | p00ps00p the Hill Orc Fighter began the quest for the Orb.
     0 | D:1      | Reached XP level 1. HP: 19/19 MP: 1/1
    37 | D:1      | Found Sunooz's Antique Weapon Shop.
   168 | D:1      | Reached XP level 2. HP: 27/27 MP: 2/2
   479 | D:2      | Reached XP level 3. HP: 33/33 MP: 3/3
   508 | D:2      | Identified the staff "Simiegg" {rC+ Will+ Int+2 Ice}
   880 | D:2      | Reached XP level 4. HP: 40/40 MP: 4/4
  1397 | D:3      | Noticed a water moccasin
  1410 | D:2      | Killed a water moccasin
  1411 | D:2      | Reached XP level 5. HP: 45/47 MP: 5/5
  2177 | D:4      | Reached skill level 5 in Fighting
  2177 | D:4      | Reached XP level 6. HP: 41/56 MP: 6/6
  2265 | D:4      | Noticed a black bear
  2280 | D:4      | Killed a black bear
  2283 | D:4      | Reached skill level 5 in Axes
  2635 | D:4      | Reached skill level 5 in Armour
  2635 | D:4      | Reached skill level 5 in Shields
  2696 | D:4      | Reached XP level 7. HP: 61/61 MP: 7/7
  2946 | D:5      | Entered Level 5 of the Dungeon
  3356 | D:5      | Reached XP level 8. HP: 41/71 MP: 8/8
  3508 | D:5      | Noticed Grinder
  3539 | D:5      | Paralysed by Grinder for 5 turns
  3548 | D:5      | Killed Grinder
  3931 | D:5      | Found a staircase to the Ecumenical Temple.
  3942 | Temple   | Entered the Ecumenical Temple
  4003 | Temple   | Became a worshipper of Gozag Ym Sagoz the Greedy
  5219 | D:7      | Noticed Jeremiah
  5232 | D:6      | Reached XP level 9. HP: 62/79 MP: 9/9
  6035 | D:7      | Killed by an exploding butterfly... ignited by their inner
                  | flame

Illustrated notes

Levels and vault maps discovered:
D:1:      wander_arrival_chamber, layout_rooms, serial_shops, shop
D:2:      layout_basic
D:3:      layout_loops_ring
D:4:      layout_loops_cross
D:5:      layout_rooms, minmay_temple_entry_fiery, uniq_grinder
D:6:      layout_basic, minivault_22
D:7:      layout_rooms, uniq_jeremiah
Temple:   mainiacjoe_temple_starburst

Skill      XL: |  1  2  3  4  5  6  7  8  9 |
---------------+----------------------------+-----
Axes           | 3 4 5 6 7 |  7.9
Fighting       | 4 5 6 7 |  7.8
Shields        | 4 5 6 7 |  7.1
Armour         | 4 5 6 7 |  7.1

Action                     |  1- 3 |  4- 6 |  7- 9 || total
---------------------------+-------+-------+-------++-------
  Melee: War axe           |    83 |    60 |       ||   143
         Hand axe          |       |    80 |   233 ||   313
         Broad axe         |       |       |     1 ||     1
  Evoke: Wand              |       |       |     9 ||     9
    Use: Scroll            |     2 |     8 |    10 ||    20
         Potion            |       |       |     4 ||     4
 Armour: Scale mail        |    16 |       |       ||    16
         Chain mail        |    33 |   121 |   204 ||   358
  Dodge: Dodged            |    31 |    75 |    86 ||   192
  Block: Buckler           |    19 |    30 |    57 ||   106

Table legend: (Time is in decaauts)
 A = Elapsed time spent in this place.
 B = Non-inter-level travel time spent in this place.
 C = Inter-level travel time spent in this place.
 D = Time resting spent in this place.
 E = Time spent auto-exploring this place.
 F = Levels seen in this place.
 G = Mean time per level.
                   A        B        C        D        E       F      G
               +--------+--------+--------+--------+--------+-----+--------+
         Total |   6085 |   5794 |    291 |    928 |   3811 |   8 |  760.6 |
       Dungeon |   5968 |   5781 |    187 |    928 |   3811 |   7 |  852.6 |
        Temple |    116 |     12 |    104 |      0 |      0 |   1 |  116.0 |
               +--------+--------+--------+--------+--------+-----+--------+

Top non-repeatable levels by time:
     D:6: 1647 daAuts
     D:5: 1073 daAuts
     D:2: 964 daAuts
     D:4: 872 daAuts
     D:3: 680 daAuts
     D:1: 491 daAuts
     D:7: 239 daAuts
  Temple: 116 daAuts
